 Dungeon Crawl Stone Soup version 0.27-a0-323-gbd089401bb (webtiles) character file.

Game seed: 5798643471746136141

54 wampuh the Magician (level 3, -1/27 HPs)
             Began as a Palentonga Hedge Wizard on Feb 10, 2021.
             Slain by a jackal (3 damage)
             ... on level 2 of the Dungeon.
             The game lasted 00:03:59 (1913 turns).

wampuh the Magician (Palentonga Hedge Wizard)       Turns: 1913, Time: 00:04:00

Health: -1/27      AC:  5    Str: 13    XL:     3   Next: 66%
Magic:  8/8        EV:  8    Int: 15    God:
Gold:   127        SH:  0    Dex:  9    Spells: 8/9 levels left

rFire    . . .     SeeInvis +   a - +0 dagger
rCold    . . .     Faith    .   (no shield)
rNeg     . . .     Spirit   .   d - +0 ring mail
rPois    .         Reflect  .   c - +0 hat
rElec    .         Harm     .   (no cloak)
rCorr    .         Rampage  .   (no gloves)
Will     .....                  (no barding)
Stlth    +.........             (no amulet)
HPRegen  0.09/turn              (no ring)
MPRegen  0.11/turn              (no ring)

@: no status effects
A: large, rugged brown scales 3, see invisible, deformed body, roll 1, armoured
tail
a: Rolling Charge


You were on level 2 of the Dungeon.
You visited 1 branch of the dungeon, and saw 2 of its levels.

You collected 127 gold pieces.

Inventory:

Hand Weapons
 a - a +0 dagger (weapon)
Missiles
 e - 37 poisoned darts (quivered)
Armour
 c - a +0 hat (worn)
 d - a +0 ring mail (worn)
Scrolls
 f - 2 scrolls of identify {unknown}
 g - a scroll of enchant armour {unknown}
 h - 2 scrolls of teleportation {unknown}
 j - a scroll of fog {unknown}
Potions
 b - a potion of lignification {unknown}
 i - a potion of mutation {unknown}


   Skills:
 + Level 2.1 Dodging
 + Level 1.7 Stealth
 * Level 3.7 Spellcasting
 - Level 0.8 Conjurations
 - Level 0.7 Summonings
 - Level 1.2 Translocations


You had 8 spell levels left.
You knew the following spells:

 Your Spells              Type           Power        Failure   Level
a - Magic Dart            Conj           20%          28%         1

Your spell library contained the following spells:

 Spells                   Type           Power        Failure   Level
 Blink                    Tloc           N/A          36%         2
 Call Imp                 Summ           4%           43%         2
 Slow                     Hex            2%           52%         2
 Conjure Flame            Conj/Fire      4%           71%         3
 Mephitic Cloud           Conj/Pois/Air  3%           73%         3


Dungeon Overview and Level Annotations

Branches:
Dungeon (2/15)

Altars:


Innate Abilities, Weirdness & Mutations

You are completely covered in rugged brown scales. (AC +3, +7% HP)
You have supernaturally acute eyesight. (SInv)
Armour fits poorly on your strangely shaped body.
You can roll at nearby foes to attack.
You have a long armoured tail.


Message History

You hit the quokka.
The quokka is almost dead.
The quokka bites you.
* * * LOW HITPOINT WARNING * * *
You closely miss the quokka.
The quokka is almost dead.
The quokka bites you but does no damage.
You barely miss the quokka.
The quokka is almost dead.
The quokka bites you but does no damage.
You hit the quokka.
You kill the quokka!
The jackal closely misses you.
You hit the jackal but do no damage.
The jackal bites you but does no damage.
You hit the jackal.
Your tail-slap misses the jackal.
The jackal is lightly wounded.
The jackal bites you but does no damage.
The jackal bites you.
* * * LOW HITPOINT WARNING * * *
You barely miss the jackal.
The jackal is lightly wounded.
The jackal bites you.
* * * LOW HITPOINT WARNING * * *
You closely miss the jackal.
The jackal is lightly wounded.
The jackal bites you but does no damage.
You hit the jackal but do no damage.
The jackal is lightly wounded.
The jackal bites you but does no damage.
The jackal bites you.
* * * LOW HITPOINT WARNING * * *
You hit the jackal but do no damage.
The jackal is lightly wounded.
The jackal closely misses you. The jackal barely misses you.
The jackal closely misses you.
You see here a +0 club.
The jackal bites you.
You die...

#†### #.#####.# #.......#
#######.# #.# ##### #.#
#...###########.#
#............##h##
#...########.#..@## ##.##
#####......############
#.#####...###...............####
#.........# ##.#########.......#
#######...# #.# #.##.##.# ##.##
#.# #.##.##.# #.# ##'##
#.##.##.# #.# ##...## #.##.##.#
####### #.###.....## #.##.##.#


You could see a jackal.

Vanquished Creatures
  An adder (D:2)
  A worm (D:2)
  2 leopard geckos
  4 bats (D:1)
  A giant cockroach (D:2)
  4 goblins
  8 hobgoblins
  6 jackals (D:2)
  A quokka (D:2)
  A frilled lizard (D:1)
  2 kobolds
  3 rats
34 creatures vanquished.

Notes
Turn   | Place    | Note
-------+----------+-------------------------------------------
     0 | D:1      | wampuh the Palentonga Hedge Wizard began the quest for the
                  | Orb.
     0 | D:1      | Reached XP level 1. HP: 14/14 MP: 4/4
   240 | D:1      | Reached XP level 2. HP: 21/21 MP: 6/6
  1281 | D:2      | Reached XP level 3. HP: 25/27 MP: 8/8
  1905 | D:2      | HP: 1/27 [jackal (2)]
  1913 | D:2      | Slain by a jackal

Illustrated notes

Levels and vault maps discovered:
D:1:      dpeg_arrival_court, layout_rooms,
          wander_ebering_terrifying_dragon_lair
D:2:      layout_loops_corners, minmay_goblin_kobold_house

Skill      XL: |  1  2  3 |
---------------+----------+-----
Dodging        | 2 |  2.1
Stealth        | |  1.7
Spellcasting   | |  3.7
Conjurations   | |  0.8
Summonings     | |  0.7
Translocations | |  1.2

Action                   || total
-------------------------++-------
Melee: Dagger            ||   134
       Tailslap          ||    13
Throw: Dart              ||     7
 Cast: Magic Dart        ||     7
Armor: Ring mail         ||    57
Dodge: Dodged            ||    57

Table legend: (Time is in decaauts)
 A = Elapsed time spent in this place.
 B = Non-inter-level travel time spent in this place.
 C = Inter-level travel time spent in this place.
 D = Time resting spent in this place.
 E = Time spent auto-exploring this place.
 F = Levels seen in this place.
 G = Mean time per level.
                   A        B        C        D        E       F      G
               +--------+--------+--------+--------+--------+-----+--------+
         Total |   1912 |   1871 |     41 |    773 |    799 |   2 |  956.0 |
       Dungeon |   1912 |   1871 |     41 |    773 |    799 |   2 |  956.0 |
               +--------+--------+--------+--------+--------+-----+--------+

Top non-repeatable levels by time:
     D:1: 978 daAuts
     D:2: 934 daAuts
